 Dungeon Crawl Stone Soup version 0.29.0-4-gdea44cf6ec (webtiles) character file.

Game seed: 10771808249835644202

203 qw the Chopper (level 5, -3/30 HPs)
             Began as a Tengu Warper on Aug 28, 2022.
             Was an Initiate of Okawaru.
             Slain by an iguana (7 damage)
             ... on level 4 of the Dungeon.
             The game lasted 00:00:19 (3669 turns).

qw the Chopper (Tengu Warper)                       Turns: 3669, Time: 00:00:19

Health: -3/30      AC: 10    Str: 14    XL:     5   Next: 81%
Magic:  9/9        EV: 13    Int: 13    God:    Okawaru [......]
Gold:   193        SH:  0    Dex: 13    Spells: 8/8 levels left

rFire   . . .      SeeInvis .   Y - +0 hand axe
rCold   . . .      Faith    .   (no shield)
rNeg    . . .      Spirit   .   h - +1 acid dragon scales
rPois   .          Reflect  .   (helmet restricted)
rElec   .          Harm     .   (no cloak)
rCorr   +          Rampage  .   o - +2 pair of gloves
Will    .....                   (boots unavailable)
Stlth   +.........              (no amulet)
HPRegen 0.10/turn               (no ring)
MPRegen 0.11/turn               (no ring)

@: flying quickly and evasively, quick
A: beak, talons 3, nimble flight
a: Renounce Religion


You were on level 4 of the Dungeon.
You worshipped Okawaru.
Okawaru was noncommittal.
You visited 1 branch of the dungeon, and saw 4 of its levels.

You collected 193 gold pieces.


Innate Abilities, Weirdness & Mutations

You have a beak for a mouth.
You have claws for feet.
Your magical nature lets you fly swiftly and evasively.


   Skills:
 - Level 2.0 Fighting
 + Level 6.4 Axes
 - Level 1.0 Throwing
 - Level 1.1 Armour
 - Level 2.1 Dodging
 - Level 2.0 Spellcasting
 - Level 2.4 Translocations


You had 8 spell levels left.
You didn't know any spells.
Your spell library contained the following spells:

 Spells                   Type           Power      Damage    Failure   Level
 Blink                    Tloc           14%        N/A       21%         2
 Gell's Gravitas          Tloc           7%         N/A       38%         3
 Lesser Beckoning         Tloc           7%         N/A       38%         3
 Teleport Other           Tloc           7%         N/A       38%         3
 Manifold Assault         Tloc           7%         N/A       98%         5

Inventory:

Hand Weapons
 e - a +0 mace
 Y - a +0 hand axe (weapon)
Armour
 h - +1 acid dragon scales (worn)
 o - a +2 pair of gloves (worn)
Scrolls
 m - a scroll of identify
Potions
 c - a potion of heal wounds {unknown}
 d - a potion of attraction {unknown}
 f - a potion of brilliance {unknown}
 g - 2 potions of cancellation
 j - a potion of haste {unknown}
 k - a potion of berserk rage {unknown}

Dungeon Overview and Level Annotations

Branches:
Dungeon (4/15)
 Temple: D:4-7

Altars:
Okawaru

Annotations:
D:4 Grinder


Message History

You peck the worm, but do no damage.
The worm is severely wounded.
Grinder enters a dispersal trap!
The worm blinks!
You blink.
You barely miss the worm.
The worm is heavily wounded.
You hit the worm. You claw the worm.
You kill the worm!
Okawaru accepts your kill.
You start resting.
HP restored.
You barely miss Grinder.
Grinder blinks!
An iguana comes into view.
The iguana hisses angrily.
Grinder closely misses you.
You barely miss Grinder. Your kick misses Grinder.
Grinder hits you but does no damage.
You closely miss Grinder. You claw Grinder.
Grinder is lightly wounded.
Grinder gestures at you. Pain shoots through your body!
You hit Grinder but do no damage. Your kick misses Grinder.
Grinder is lightly wounded.
Grinder hits you.
You writhe in agony.
You slash Grinder!
Grinder is moderately wounded.
Grinder barely misses you.
You closely miss Grinder.
Grinder is moderately wounded.
Grinder hits you.
You writhe in agony.
You hit Grinder but do no damage.
Grinder is moderately wounded.
You barely miss the iguana. Grinder barely misses you. The iguana bites you!
You hit Grinder but do no damage. You claw Grinder.
Grinder is moderately wounded.
You hit the iguana. Grinder gestures at you.
You resist with significant effort. The iguana bites you!
You die...

#^. ######.########
#....$........#
#.####.#.####.# #.#
#.#.# #.####.#.## ###
#.##......#
##.#####.##l#.#%.#
#.#......).5@....#
##.#####.##..........
#.# #.............
#.# ######.#####.#
#.# #.# .... #.# #.#
##.### ##.# ##'##
....# #..# ##...##
#.#.#
#.#########.....##
#.#.###


You could see Grinder and an iguana.

Vanquished Creatures
  A scorpion (D:4)
  A hound (D:3)
  3 adders (D:2)
  5 dart slugs
  A worm (D:4)
  An orc (D:4)
  5 ball pythons
  4 bats
  3 endoplasms
  2 giant cockroaches (D:2)
  11 goblins
  6 hobgoblins
  9 jackals
  3 quokkas
  A frilled lizard (D:2)
  6 kobolds
  4 rats
66 creatures vanquished.

Notes
Turn   | Place    | Note
-------+----------+-------------------------------------------
     0 | D:1      | qw the Tengu Warper began the quest for the Orb.
     0 | D:1      | Reached XP level 1. HP: 12/12 MP: 4/4
     0 | D:1      | 0 ||| qw: Version: 0.1-a-89-g26bdef1
     0 | D:1      | 0 ||| qw: Game counter: 3348
     0 | D:1      | 0 ||| qw: Always use a shield: true
     0 | D:1      | 0 ||| qw: God list: Okawaru
     0 | D:1      | 0 ||| qw: Allow faded altars: false
     0 | D:1      | 0 ||| qw: Do Orc after D:15 true
     0 | D:1      | 0 ||| qw: Do second Lair branch before Depths: true
     0 | D:1      | 0 ||| qw: Lair rune preference: random
     0 | D:1      | 0 ||| qw: Plans: Normal
     0 | D:1      | 0 ||| PLANNING D:1-11
    65 | D:1      | 65 ||| Stepping ~*~*~tactically~*~*~ (hiding).
   220 | D:1      | Found a faded altar of an unknown god.
   285 | D:1      | Reached skill level 3 in Axes
   285 | D:1      | Reached XP level 2. HP: 13/17 MP: 6/6
   368 | D:1      | 368 ||| Stepping ~*~*~tactically~*~*~ (stealth).
   859 | D:1      | 859 ||| Stepping ~*~*~tactically~*~*~ (stealth).
  1023 | D:1      | 1023 ||| READING scroll labelled IXKOGE USENG.
  1024 | D:1      | 1024 ||| READING scroll labelled JOIXIU YCAUKA.
  1027 | D:1      | 1027 ||| DROPPING scroll of blinking.
  1105 | D:2      | Reached XP level 3. HP: 20/21 MP: 7/7
  1154 | D:2      | Reached skill level 4 in Axes
  1772 | D:2      | 1772 ||| READING scroll labelled SURUJI KEGG.
  1773 | D:2      | 1773 ||| READING scroll labelled INUTHI PAITIESYO.
  1894 | D:2      | 1894 ||| READING 2 scrolls labelled HIEMOM ZOUPH.
  1895 | D:2      | 1895 ||| DRINKING 2 lumpy white potions.
  1896 | D:2      | 1896 ||| DROPPING potion of magic.
  1930 | D:3      | 1930 ||| STAIRDANCE
  1937 | D:2      | Reached XP level 4. HP: 7/26 MP: 8/8
  1937 | D:2      | HP: 5/26 [adder (2)]
  1938 | D:2      | 1938 ||| READING scroll of teleportation.
  2250 | D:3      | Reached skill level 5 in Axes
  2725 | D:3      | Gained mutation: Your magical nature lets you fly swiftly
                  | and evasively. [Tengu growth]
  2725 | D:3      | Reached XP level 5. HP: 30/30 MP: 9/9
  3088 | D:3      | 3088 ||| UPGRADING to +0 acid dragon scales.
  3098 | D:3      | 3098 ||| DROPPING +0 leather armour.
  3099 | D:3      | 3099 ||| UPGRADING to +0 pair of gloves.
  3104 | D:3      | 3104 ||| READING 2 scrolls of enchant armour.
  3104 | D:3      | 3104 ||| ENCHANTING +0 pair of gloves.
  3105 | D:3      | 3105 ||| READING scroll of enchant armour.
  3105 | D:3      | 3105 ||| ENCHANTING +1 pair of gloves.
  3106 | D:3      | 3106 ||| READING scroll labelled YVOMMI DESEMP.
  3107 | D:3      | 3107 ||| READING scroll labelled BAGONE FOHOARE.
  3108 | D:3      | 3108 ||| DRINKING 3 brown potions.
  3109 | D:3      | 3109 ||| READING 2 scrolls of identify.
  3109 | D:3      | 3109 ||| IDENTIFYING silvery potion
  3110 | D:3      | 3110 ||| DROPPING potion of flight.
  3391 | D:4      | Found an iron altar of Okawaru.
  3399 | D:4      | 3399 ||| Stepping ~*~*~tactically~*~*~ (stealth).
  3408 | D:4      | 3408 ||| Stepping ~*~*~tactically~*~*~ (stealth).
  3411 | D:4      | 3411 ||| Stepping ~*~*~tactically~*~*~ (stealth).
  3413 | D:4      | 3413 ||| Stepping ~*~*~tactically~*~*~ (stealth).
  3418 | D:4      | 3418 ||| Stepping ~*~*~tactically~*~*~ (stealth).
  3420 | D:4      | 3420 ||| Stepping ~*~*~tactically~*~*~ (stealth).
  3422 | D:4      | 3422 ||| Stepping ~*~*~tactically~*~*~ (stealth).
  3425 | D:4      | 3425 ||| Stepping ~*~*~tactically~*~*~ (stealth).
  3426 | D:4      | 3426 ||| Stepping ~*~*~tactically~*~*~ (stealth).
  3427 | D:4      | 3427 ||| Stepping ~*~*~tactically~*~*~ (stealth).
  3432 | D:4      | 3432 ||| Stepping ~*~*~tactically~*~*~ (stealth).
  3433 | D:4      | 3433 ||| Stepping ~*~*~tactically~*~*~ (stealth).
  3435 | D:4      | 3435 ||| Stepping ~*~*~tactically~*~*~ (stealth).
  3436 | D:4      | 3436 ||| Stepping ~*~*~tactically~*~*~ (stealth).
  3455 | D:4      | Reached skill level 6 in Axes
  3596 | D:4      | Became a worshipper of Warmaster Okawaru
  3604 | D:4      | 3604 ||| READING scroll of enchant armour.
  3604 | D:4      | 3604 ||| ENCHANTING +0 acid dragon scales.
  3647 | D:4      | Noticed Grinder
  3648 | D:4      | 3648 ||| Stepping ~*~*~tactically~*~*~ (hiding).
  3668 | D:4      | HP: 3/30 [iguana (11)]
  3669 | D:4      | Slain by an iguana

Levels and vault maps discovered:
D:1:      co_arrival_square_in_a_square_in_a_square, layout_loops_ring,
          hellmonk_ecumenical_altar_arch_garden, kennysheep_pointless_box
D:2:      layout_basic
D:3:      layout_basic
D:4:      layout_loops_corners, okawaru_trees_1, temple_pool_b, uniq_grinder

Skill      XL: |  1  2  3  4  5 |
---------------+----------------+-----
Axes           | 3 4 5 6 |  6.4
Fighting       | |  2.0
Throwing       | |  1.0
Armour         | |  1.1
Dodging        | |  2.1
Spellcasting   | |  2.0
Translocations | |  2.4

Action                   |  1- 3 |  4- 6 || total
-------------------------+-------+-------++-------
Melee: Hand axe          |    75 |    96 ||   171
       Peck              |     8 |    20 ||    28
       Kick              |    13 |    24 ||    37
       Punch             |     1 |     2 ||     3
Throw: Boomerang         |     7 |       ||     7
  Use: Scroll            |     5 |     7 ||    12
       Potion            |     1 |     1 ||     2
 Stab: Distracted        |       |     1 ||     1
Armor: Leather armour    |    26 |    15 ||    41
       Acid dragon scale |       |    12 ||    12
Dodge: Dodged            |    50 |    51 ||   101

Table legend:
 A = Non-vault XP
 B = Vault XP
 C = Vault XP percentage of total XP
 D = Non-vault monster count
 E = Vault monster count
 F = Vault count percentage of total count
                 A         B        C        D         E       F
            +---------+---------+-------+---------+---------+-------
      Total |     290 |       0 |   0.0 |      66 |       0 |   0.0
            +---------+---------+-------+---------+---------+-------
        D:1 |      30 |       0 |   0.0 |      15 |       0 |   0.0
        D:2 |      78 |       0 |   0.0 |      25 |       0 |   0.0
        D:3 |      69 |       0 |   0.0 |      14 |       0 |   0.0
        D:4 |     113 |       0 |   0.0 |      12 |       0 |   0.0
            +---------+---------+-------+---------+---------+-------
